 Dungeon Crawl Stone Soup version 0.24.1-14-gf8d2b509d9 (webtiles) character file.

Game seed: 16497429470913448585, levelgen mode: deterministic

74369 mortelune the Timeless (level 15, -7/142 HPs)
             Began as a Naga Transmuter on May 24, 2020.
             Was a High Priest of Cheibriados.
             Mangled by an ogre mage
             ... wielding a +0 halberd
              (18 damage)
             ... on level 15 of the Dungeon.
             The game lasted 01:13:56 (39845 turns).

mortelune the Timeless (Naga Transmuter)           Turns: 39845, Time: 01:13:57

Health: -7/142     AC: 18    Str: 25    XL:     15   Next: 46%
Magic:  15/25      EV: 14    Int: 30    God:    Cheibriados [*****.]
Gold:   1361       SH:  0    Dex: 25    Spells: 8/28 levels left

rFire    + . .     SeeInvis +     - Unarmed
rCold    . . .     Gourm    .   (no shield)
rNeg     . . .     Faith    .   i - +2 leather armour {rPois}
rPois    +         Spirit   .   w - +0 helmet
rElec    .         Reflect  .   I - +0 cloak {+Inv}
rCorr    .         Harm     .   Y - +1 pair of gloves {Dex+3}
MR       ++...                  (no barding)
Stlth    +++.......             (no amulet)
HPRegen  0.33/turn              x - +4 ring of protection
MPRegen  0.19/turn              X - ring "Qucuin" {rF+ MR+ Stlth+}

@: lethally poisoned (-7 -> -9), very slightly contaminated, studying Bows,
invisible, very slow
A: large, see invisible, deformed body, poison resistance, slowness 2, slow
metabolism 1, spit poison 1, constrict 1, AC +5
a: Spit Poison, Bend Time, Temporal Distortion, Slouch, Step From Time, Renounce
Religion


You were on level 15 of the Dungeon.
You worshipped Cheibriados.
Cheibriados was extremely pleased with you.
You were not hungry.

You visited 3 branches of the dungeon, and saw 22 of its levels.
You also visited: Bailey and Gauntlet.

You collected 2215 gold pieces.
You spent 854 gold pieces at shops.

Inventory:

Missiles
 b - 12 javelins
 c - 268 arrows
 s - 8 curare-tipped darts
 K - 49 boomerangs
 O - 5 boomerangs of dispersal
 Q - 603 stones (quivered)
Armour
 i - a +2 leather armour of poison resistance (worn)
 w - a +0 helmet (worn)
 I - a +0 cloak of invisibility (worn)
 L - a +2 robe of fire resistance
 M - a +0 plate armour of cold resistance
 W - a +2 robe of positive energy
 Y - a +1 pair of gloves of dexterity (worn)
Jewellery
 g - an uncursed ring of fire
 x - a +4 ring of protection (left hand)
 D - an uncursed ring of stealth
 H - an uncursed ring of ice
 X - the ring "Qucuin" (right hand) {rF+ MR+ Stlth+}
   (You found it in a Gauntlet)

   [ring of stealth]

   It protects you from fire.
   It affects your resistance to hostile enchantments.
   It makes you more stealthy.
Wands
 v - a wand of paralysis (9)
 A - a wand of enslavement (16)
 F - a wand of polymorph (6)
 J - a wand of clouds (6)
 T - a wand of iceblast (5)
 Z - a wand of acid (12)
Scrolls
 e - 3 scrolls of fear
 f - 7 scrolls of fog
 k - 5 scrolls of immolation
 o - 7 scrolls of remove curse
 p - 2 scrolls of holy word
 t - 5 scrolls of teleportation
 u - a scroll of magic mapping
 y - 4 scrolls of amnesia
 B - 2 scrolls of blinking
 C - 3 scrolls of brand weapon
 E - 2 scrolls of enchant armour
 V - a scroll of silence
Potions
 a - 2 potions of lignification
 h - 2 potions of flight
 j - 3 potions of mutation
 l - 4 potions of brilliance
 n - a potion of resistance
 q - 2 potions of haste
 r - 2 potions of ambrosia
 z - a potion of agility
 G - 2 potions of curing
 N - 2 potions of invisibility
 P - a potion of magic
 S - a potion of might
Books
 m - a manual of Bows
Miscellaneous
 U - a fan of gales
Comestibles
 d - 30 rations


   Skills:
 + Level 11.5 Fighting
 * Level 6.3 Armour
 - Level 5.1 Dodging
 + Level 11.4 Unarmed Combat
 - Level 7.3 Spellcasting
 - Level 10.0 Transmutations
 * Level 5.2 Earth Magic
 + Level 12.8 Invocations
 * Level 9.2 Evocations


You had 8 spell levels left.
You knew the following spells:

 Your Spells              Type           Power        Failure   Level  Hunger
a - Beastly Appendage     Tmut           ######       1%          1    None
b - Sticks to Snakes      Tmut           ######..     1%          2    None
c - Spider Form           Tmut/Pois      #####.....   1%          3    None
d - Ice Form              Ice/Tmut       #####...     7%          4    ##.....
e - Blade Hands           Tmut           ######....   2%          5    ####...
f - Borgnjor's Vile Clut  Necr/Erth      ####......   43%         5    ####...

Your spell library contained the following spells:

 Spells                   Type           Power        Failure   Level  Hunger
 Ensorcelled Hibernation  Hex/Ice        ##....       8%          2    None
 Shroud of Golubria       Chrm/Tloc      ##....       8%          2    None
 Sublimation of Blood     Necr           ##........   8%          2    None
 Swiftness                Chrm/Air       ##......     8%          2    None
 Portal Projectile        Hex/Tloc       ##....       16%         3    None
 Vampiric Draining        Necr           ##........   16%         3    None
 Summon Lightning Spire   Summ/Air       ##......     45%         4    ##.....
 Bolt of Draining         Conj/Necr      ##........   82%         5    ####...


Dungeon Overview and Level Annotations

Branches:
Dungeon (15/15)            Temple (1/1) D:6            Lair (6/6) D:11
  Swamp (0/4) Lair:4        Snake (0/4) Lair:4        Slime (0/5) Lair:5
    Orc (0/2) D:12         Vaults (0/5) D:13         Bailey (visited)
Gauntlet (visited)
 Depths: D:15

Altars:
Ashenzari
Cheibriados
Dithmenos
Elyvilon
Fedhas
Gozag
Hepliaklqana
Kikubaaqudgha
Makhleb
Nemelex Xobeh
Okawaru
Qazlal
Ru
Sif Muna
Trog
Uskayaw
Vehumet
Wu Jian
Xom
Yredelemnul
Zin
The Shining One
Jiyva

Shops:
D:4 (   D:12 =

Annotations:
D:6 partie non expo


Innate Abilities, Weirdness & Mutations

You cannot wear boots.
Your serpentine skin is tough. (AC +5)
You have supernaturally acute eyesight. (SInv)
Armour fits poorly on your strangely shaped body.
Your system is resistant to poisons. (rPois)
You cover ground very slowly.
You have a slow metabolism.
You can spit poison.
You can use your snake-like lower body to constrict enemies.


Message History

You create 3 snakes!
You now have 268 arrows.
You constrict the two-headed ogre!
You kill the two-headed ogre!
Cheibriados appreciates the change of pace.
You feel sick.
The ogre mage hits you from afar with a +0 halberd!
* * * LOW HITPOINT WARNING * * *
Casting: Sticks to Snakes (safe; 8% risk of failure)
Confirm with . or Enter, or press ? or * to list all spells.
You miscast Sticks to Snakes.
Strange energies run through your body. The wyvern skeleton misses your adder.
Your adder bites the wyvern skeleton.
The ogre mage hits you but does no damage.
Your hands revert to their normal proportions.
Your +1 pair of gloves of dexterity unmelds from your body.
You feel agile.
You feel sick.
The ogre mage hits you with a +0 halberd!
* * * LOW HITPOINT WARNING * * *
The ogre mage hits you with a +0 halberd!!
You die...

##....... ... ###...##
..). #...## ...#
##..#### )..# ##..###..
#..# #..#..... #..##
#..#...... #.O##
#..##....†.
#@S####...#.....†.
#####S.##...##.......
#......S.....##........
.....S......###........
....Z........##........
..............#........
.......................
.......................
.......................


You could see an ogre mage (invisible) and 3 friendly adders.

Vanquished Creatures
  Kirke (D:14)
  A minotaur (Gauntlet)
  2 hydras
  2 catoblepae
  Erica (D:8)
  A death knight (D:15)
  A centaur warrior (D:14)
  A tengu warrior (D:13)
  9 two-headed ogres
  A queen ant (Lair:2)
  A deep troll shaman (Lair:6)
  6 death yaks (Lair:6)
  A soul eater (D:12)
  An iron troll (D:13)
  2 unseen horrors (D:14)
  A wizard (D:13)
  19 ugly things
  3 cyclopes
  2 manticores
  Maurice (D:9)
  12 elephants
  8 black mambas
  2 gargoyles
  A torpor snail (Lair:3)
  12 spiny frogs
  A rime drake (Lair:4)
  2 komodo dragons (Lair:2)
  A queen bee (Gauntlet)
  4 trolls
  2 polar bears (Lair:6)
  Prince Ribbit (D:9)
  10 hippogriffs
  2 bog bodies (Lair:4)
  7 slime creatures
  3 meliai (D:15)
  Grinder (D:3)
  7 dream sheep
  8 blink frogs
  A shadow (D:15)
  Sigmund (D:6)
  3 hogs (D:7)
  2 basilisks
  17 yaks
  A wraith (D:8)
  8 wyverns
  A human (D:7)
  2 steam dragons
  A hungry ghost (D:9)
  A warg (D:12)
  2 swamp worms (Lair:4)
  10 water moccasins
  9 soldier ants
  7 porcupines
  8 orc warriors
  3 sky beasts
  2 ice beasts
  3 phantoms
  A meliai simulacrum (D:14)
  2 necrophages (D:8)
  2 black bears
  3 ogres
  13 centaurs
  14 wolves
  11 crocodiles
  3 big kobolds
  18 bullfrogs
  A wyvern skeleton (D:13)
  5 scorpions
  9 killer bees
  A troll zombie (D:8)
  7 wights
  5 howler monkeys
  3 electric eels
  7 crimson imps
  2 bullfrog zombies
  3 centaur zombies
  6 hounds
  7 jellies
  A quasit (D:13)
  4 human zombies (D:8)
  6 bullfrog skeletons
  5 orc priests
  11 orc wizards
  A centaur skeleton (D:4)
  2 iguanas
  Natasha (thrice) (D:2)
  37 worker ants
  An ogre zombie (D:8)
  An ogre skeleton (D:8)
  A hound zombie (D:5)
  A hound skeleton (D:11)
  A mummy (D:8)
  A worker ant zombie (D:11)
  A gnoll (D:1)
  9 adders
  A howler monkey skeleton (D:5)
  4 shadow imps
  A white imp (D:12)
  5 oozes
  3 adder skeletons
  2 dart slugs
  5 worms
  5 leopard geckos
  37 orcs
  2 ball pythons
  4 bats
  4 giant cockroaches
  4 goblins
  3 hobgoblins
  15 jackals
  32 kobolds
  3 quokkas
  7 frilled lizards
  5 rats
574 creatures vanquished.

Vanquished Creatures (collateral kills)
  Rupert (Lair:6)
  Snorg (D:10)
  2 hydras
  2 two-headed ogres
  Nergalle (D:10)
  A deep elf mage (D:12)
  3 elephants (Lair:6)
  An ugly thing (D:11)
  A cyclops (D:10)
  Joseph (D:9)
  A centaur skeleton (D:10)
  A spiny frog (Lair:1)
  A slime creature (Gauntlet)
  A hippogriff (D:11)
  A hog (D:14)
  A wyvern (D:11)
  A sky beast (D:9)
  An eye of draining (D:11)
  2 ogres
  3 centaurs (D:11)
  Blork the orc (D:4)
  2 scorpions
  2 wights (D:7)
  A jelly (D:12)
  2 hounds
  3 worker ants
  An adder (D:8)
  An adder skeleton (D:5)
  4 orcs
  A goblin (Bailey)
  3 jackals
  A rat (D:2)
  A demonic plant (Gauntlet)
  A fungus (Lair:6)
51 creatures vanquished.

Vanquished Creatures (others)
  2 demonic plants (Gauntlet)
  19 fungi
  14 plants
35 creatures vanquished.

Grand Total: 660 creatures vanquished

Notes
Turn   | Place    | Note
-------+----------+-------------------------------------------
     0 | D:1      | mortelune the Naga Transmuter began the quest for the Orb.
     0 | D:1      | Reached XP level 1. HP: 18/18 MP: 3/3
   249 | D:1      | Reached XP level 2. HP: 18/25 MP: 1/5
   253 | D:1      | Learned a level 2 spell: Sticks to Snakes
  1259 | D:1      | Reached XP level 3. HP: 21/31 MP: 5/7
  1264 | D:1      | Learned a level 3 spell: Spider Form
  1713 | D:2      | Noticed Natasha
  1720 | D:2      | Killed Natasha
  1720 | D:2      | Reached XP level 4. HP: 18/38 MP: 4/8
  1953 | D:2      | Noticed Natasha
  1968 | D:2      | Killed Natasha
  2026 | D:2      | Noticed Natasha
  2046 | D:2      | HP: 1/57 [crimson imp[Natasha] (2)]
  2047 | D:2      | Killed Natasha
  2818 | D:2      | Found a burning altar of Makhleb.
  2818 | D:2      | Noticed a blizzard demon
  2821 | D:2      | Noticed a smoke demon
  2821 | D:2      | Noticed an orange demon
  2884 | D:2      | Reached XP level 5. HP: 25/44 MP: 10/10
  3964 | D:3      | Noticed a phantom
  4085 | D:3      | Noticed Grinder
  4099 | D:3      | Killed Grinder
  4099 | D:3      | Reached XP level 6. HP: 42/52 MP: 1/12
  5115 | D:3      | Found a hazy altar of Hepliaklqana.
  5960 | D:4      | Reached skill level 5 in Transmutations
  5960 | D:4      | Reached XP level 7. HP: 61/61 MP: 9/13
  6033 | D:4      | Found an ancient bone altar of Kikubaaqudgha.
  6258 | D:4      | Found a sparkling altar of Nemelex Xobeh.
  6260 | D:4      | Found a bloodstained altar of Trog.
  6275 | D:4      | Found Ecvanae's Weapon Emporium.
  6335 | D:4      | Found a glowing golden altar of the Shining One.
  6344 | D:4      | Noticed Blork the orc
  6358 | D:4      | Killed Blork the orc
  6775 | D:4      | Learned a level 4 spell: Ice Form
  6781 | D:4      | Learned a level 5 spell: Blade Hands
  6802 | D:5      | Entered Level 5 of the Dungeon
  7059 | D:5      | Reached skill level 5 in Spellcasting
  7471 | D:5      | Reached XP level 8. HP: 69/69 MP: 12/15
  7923 | D:5      | Found a hazy altar of Hepliaklqana.
  8047 | D:5      | Found a shadowy altar of Dithmenos.
  9738 | D:6      | Noticed Sigmund
  9749 | D:7      | Found a blossoming altar of Fedhas.
 10162 | D:7      | Reached skill level 5 in Fighting
 10162 | D:7      | Reached XP level 9. HP: 79/81 MP: 15/18
 12366 | D:6      | Noticed a rust devil
 12366 | D:6      | Noticed a rust devil
 12700 | D:6      | Killed Sigmund
 12787 | D:6      | Found a staircase to the Ecumenical Temple.
 12799 | Temple   | Entered the Ecumenical Temple
 13142 | Temple   | Became a worshipper of Cheibriados the Contemplative
 13993 | D:8      | Noticed Erica
 14017 | D:8      | Killed Erica
 14017 | D:8      | Reached skill level 10 in Transmutations
 14017 | D:8      | Reached XP level 10. HP: 33/92 MP: 11/20
 14259 | D:8      | Found a stormy altar of Qazlal.
 14268 | D:8      | Reached skill level 1 in Invocations
 14820 | D:8      | Reached skill level 2 in Invocations
 14919 | D:8      | Found a basalt altar of Yredelemnul.
 14983 | D:8      | Reached * piety under Cheibriados
 15277 | D:8      | Reached skill level 3 in Invocations
 15670 | D:9      | Noticed Joseph
 15681 | D:9      | Killed Joseph
 15876 | D:9      | Noticed a two-headed ogre
 15903 | D:9      | Killed a two-headed ogre
 15903 | D:9      | Reached skill level 5 in Unarmed Combat
 15903 | D:9      | Reached skill level 4 in Invocations
 16233 | D:9      | Noticed Prince Ribbit
 16247 | D:9      | Killed Prince Ribbit
 16279 | D:9      | Reached ** piety under Cheibriados
 16598 | D:9      | Reached skill level 5 in Invocations
 16727 | D:9      | Found a glowing silver altar of Zin.
 16727 | D:9      | Noticed Maurice
 16744 | D:9      | Killed Maurice
 16744 | D:9      | Reached XP level 11. HP: 78/100 MP: 13/21
 17376 | D:9      | Found a radiant altar of Vehumet.
 17504 | D:10     | Entered Level 10 of the Dungeon
 17530 | D:10     | Noticed a cyclops
 17537 | D:10     | Killed a cyclops
 18049 | D:10     | Reached skill level 6 in Invocations
 19179 | D:10     | Noticed Snorg
 19196 | D:10     | Killed Snorg
 19938 | D:10     | Noticed Nergalle
 19948 | D:10     | Killed Nergalle
 19948 | D:10     | Reached *** piety under Cheibriados
 20089 | D:11     | Found a flagged portal.
 20124 | Bailey   | Entered a bailey
 20389 | Bailey   | Reached skill level 7 in Invocations
 20445 | Bailey   | Found a burning altar of Makhleb.
 20461 | Bailey   | Got a bloodstained spear
 20467 | Bailey   | Identified the +6 spear "Qiqusm" {drain, *Noise rC++ Dex+6}
                  | (You found it in a bailey)
 20642 | D:11     | Found a blossoming altar of Fedhas.
 20655 | D:11     | Noticed a cyclops
 20663 | D:11     | Killed a cyclops
 20846 | D:11     | Reached **** piety under Cheibriados
 21268 | D:11     | Noticed a red ugly thing
 21323 | D:11     | Killed a red ugly thing
 21529 | D:11     | Noticed a two-headed ogre
 21541 | D:11     | Killed a two-headed ogre
 22222 | D:11     | Reached skill level 8 in Invocations
 22230 | D:11     | Reached ***** piety under Cheibriados
 22320 | D:11     | Reached XP level 12. HP: 36/112 MP: 18/22
 22625 | D:11     | Found a staircase to the Lair.
 23034 | D:12     | Noticed a two-headed ogre
 23125 | Lair:1   | Entered Level 1 of the Lair of Beasts
 24335 | Lair:2   | Reached skill level 5 in Dodging
 24524 | Lair:2   | Reached skill level 9 in Invocations
 25051 | Lair:2   | Noticed a queen ant
 25057 | Lair:2   | Killed a queen ant
 25058 | Lair:2   | Reached skill level 1 in Armour
 25110 | Lair:2   | Reached skill level 10 in Invocations
 26524 | Lair:3   | Gained mutation: You can use your snake-like lower body to
                  | constrict enemies. [Naga growth]
 26524 | Lair:3   | Reached XP level 13. HP: 83/121 MP: 11/23
 27029 | Lair:3   | Reached skill level 11 in Invocations
 27610 | Lair:3   | Reached skill level 1 in Evocations
 27860 | Lair:4   | Found a staircase to the Snake Pit.
 29350 | Lair:4   | Reached skill level 10 in Fighting
 29366 | Lair:4   | Found a staircase to the Swamp.
 29475 | Lair:5   | Found a runed translucent door.
 29680 | Lair:5   | Found a viscous altar of Jiyva.
 29681 | Lair:5   | Found a staircase to the Slime Pits.
 29690 | Lair:5   | Reached skill level 10 in Unarmed Combat
 30726 | Lair:5   | Found a stormy altar of Qazlal.
 31627 | Lair:6   | Entered Level 6 of the Lair of Beasts
 31650 | Lair:6   | Reached skill level 5 in Evocations
 31673 | Lair:6   | Found a gate leading to a gauntlet.
 31682 | Gauntlet | Entered a Gauntlet
 31682 | Gauntlet | Found a transporter.
 31682 | Gauntlet | Found a transporter.
 31708 | Gauntlet | Found a transporter.
 31711 | Gauntlet | Found a transporter.
 31721 | Gauntlet | Found a transporter.
 31725 | Gauntlet | Found a transporter.
 31735 | Gauntlet | Found a transporter.
 31751 | Gauntlet | Found a runed translucent door.
 31751 | Gauntlet | Found a transporter.
 31752 | Gauntlet | Found a runed translucent door.
 31765 | Gauntlet | Found a transporter.
 31769 | Gauntlet | Found a transporter.
 31777 | Gauntlet | Found a transporter.
 31781 | Gauntlet | Found a transporter.
 31923 | Gauntlet | Got a shimmering turquoise ring
 31960 | Gauntlet | Identified the ring "Qucuin" {rF+ MR+ Stlth+} (You found it
                  | in a Gauntlet)
 32555 | Gauntlet | Noticed a minotaur
 32567 | Gauntlet | Killed a minotaur
 32895 | Gauntlet | Identified the Handbook of Weightlessness and Darkness
 32895 | Gauntlet | Identified Sif Muna's Compendium of Bewitching Good Luck
 33263 | Lair:6   | Noticed Rupert
 33278 | Lair:6   | Killed Rupert
 33278 | Lair:6   | Reached XP level 14. HP: 133/133 MP: 15/24
 33873 | Lair:6   | Reached skill level 12 in Invocations
 34740 | Lair:6   | Learned a level 5 spell: Borgnjor's Vile Clutch
 35343 | D:12     | Found a staircase to the Orcish Mines.
 35371 | D:12     | Reached skill level 1 in Earth Magic
 35413 | D:12     | Reached ****** piety under Cheibriados
 36221 | D:12     | Found Zuapteog's Jewellery Emporium.
 36224 | D:12     | Bought an uncursed ring of fire for 350 gold pieces
 36230 | D:12     | Bought a +4 ring of protection for 504 gold pieces
 37029 | D:13     | Reached skill level 5 in Armour
 37510 | D:13     | Found a gate to the Vaults.
 38338 | D:14     | Reached XP level 15. HP: 138/142 MP: 20/25
 38917 | D:14     | Noticed Kirke
 39054 | D:14     | Noticed a sphinx
 39056 | D:14     | Killed Kirke
 39301 | D:15     | Entered Level 15 of the Dungeon
 39830 | D:15     | Reached skill level 5 in Earth Magic
 39845 | D:15     | Mangled by an ogre mage

Levels and vault maps discovered:
D:1:      zelgadis_glass_arrival_small, layout_basic
D:2:      layout_basic, makhleb_altar_promises_db, uniq_natasha
D:3:      layout_loops_corners, lemuel_round_altar, kennysheep_doodads,
          uniq_grinder
D:4:      layout_loops_ring, kennysheep_mini_moat,
          chequers_temple_overflow_statue_of_worship,
          nicolae_tso_carved_into_rock, first_ration, serial_shops,
          nicolae_shop_crystal, uniq_blork_the_orc
D:5:      layout_basic, old_standard_altar, minmay_ruined_shrine
D:6:      cheibrodos_iron_armory, layout_basic, temple_fountains, uniq_sigmund
D:7:      layout_layer_cave, corexii_item_surrounded_by_moat, grunt_livestock,
          fedhas_bush_and_centaur_altar
D:8:      layout_gridville, lemuel_mausoleum_altar_yredelemnul,
          overflow_temple_1_default, minmay_misc_feat_plants,
          minmay_misc_feat_four_crosses, nrook_mini_backslash, uniq_erica
D:9:      layout_loops_corners, kennysheep_little_box, zin_academy,
          uniq_maurice, uniq_prince_ribbit1, uniq_joseph
D:10:     layout_roguey, uniq_snorg, uniq_nergalle
D:11:     layout_long_grid, erik_lair_dragon, enter_bailey_1, basic_altar,
          kennysheep_small_spiral, lightli_minifort
D:12:     kennysheep_demon_hangout, layout_small_grid, david_orc_3,
          serial_shops, kennysheep_mini
D:13:     layout_loops_ring, david_vaults_4
D:14:     layout_basic, uniq_kirke
D:15:     hangedman_depths_entry_try_elsewhere_first, layout_cave_pods,
          nicolae_ru_sacrificial_ziggurat, minmay_splitting_lines
Temple:   minmay_temple_forest_path
Lair:1:   layout_misc_corridors
Lair:2:   layout_regular_city, zaba_antful_of_joy, grunt_megastairs_1,
          wad_woods_river_01
Lair:3:   layout_roguey, fungi_pond_lemuel, grunt_megastairs_2
Lair:4:   layout_loops_ring, nicolae_swamp_entry_splash_gauntlet,
          dummy_snake_entry, minmay_holes
Lair:5:   layout_roguey, slime_altar_2, lemuel_centaur_altar
Lair:6:   grunt_lair_end_beastmaster, layout_regular_city,
          gauntlet_entry_generic, uniq_rupert

Skill      XL: |  1  2  3  4  5  6  7  8  9 10 11 12 13 14 15 |
---------------+----------------------------------------------+-----
Spellcasting   | 3 4 5 6 7 |  7.3
Transmutations | 3 4 5 6 8 10 | 10.0
Fighting       | 2 3 5 6 7 8 9 10 11 | 11.5
Invocations    | 5 8 10 11 12 | 12.8
Dodging        | 3 4 5 |  5.1
Unarmed Combat | 5 8 9 10 11 | 11.4
Armour         | 2 4 5 6 |  6.3
Evocations     | 6 8 9 |  9.2
Earth Magic    | 3 5 |  5.2

Action                   |  1- 3 |  4- 6 |  7- 9 | 10-12 | 13-15 || total
-------------------------+-------+-------+-------+-------+-------++-------
Melee: Unarmed           |    53 |   168 |   355 |   569 |   439 ||  1584
       Headbutt          |     5 |     8 |     5 |     1 |       ||    19
       Punch             |     1 |     2 |       |     3 |    40 ||    46
       Constrict         |       |       |       |       |    87 ||    87
Throw: Stone             |    12 |    10 |       |     2 |    11 ||    35
 Cast: Beastly Appendage |    13 |    17 |    14 |     6 |       ||    50
       Sticks to Snakes  |     3 |    10 |    36 |    60 |    49 ||   158
       Spider Form       |     1 |    21 |    42 |    29 |       ||    93
       Ice Form          |       |       |     1 |    36 |    12 ||    49
       Blade Hands       |       |       |       |    12 |    89 ||   101
Invok: Slouch            |       |       |       |     4 |    11 ||    15
       Temporal Distorti |       |       |       |       |     1 ||     1
 Abil: Spit Poison       |     1 |       |     2 |       |       ||     3
       Evoke Invisibilit |       |       |       |       |     9 ||     9
Evoke: Wand              |       |       |       |     6 |     3 ||     9
  Use: Scroll            |       |    10 |     2 |     9 |    15 ||    36
       Potion            |       |     1 |     3 |     3 |     9 ||    16
 Stab: Distracted        |     1 |       |     2 |     6 |     6 ||    15
       Sleeping          |       |     1 |     8 |     8 |     3 ||    20
       Petrified         |       |       |       |       |     1 ||     1
  Eat: Chunk             |     2 |     9 |     4 |    13 |    32 ||    60
       Ration            |       |     1 |     6 |     5 |     4 ||    16
Armor: Robe              |    10 |    20 |    16 |     6 |    66 ||   118
       Skin              |       |    10 |    13 |   104 |    10 ||   137
       Steam dragon scal |       |       |       |    12 |    53 ||    65
       Leather armour    |       |       |       |       |    36 ||    36
Dodge: Dodged            |    27 |   120 |   277 |   491 |   407 ||  1322
